 Dungeon Crawl Stone Soup version 0.28.0-53-g5a82cb258f (webtiles) character file.

Game seed: 9327068922379340163

30 MiltankisOP the Ruffian (level 3, 36/36 HPs)
             Began as a Troll Monk on June 14, 2022.
             Quit the game on level 1 of the Dungeon.
             The game lasted 00:01:27 (613 turns).

MiltankisOP the Ruffian (Troll Monk)                 Turns: 613, Time: 00:01:27

Health: 36/36      AC:  4    Str: 21    XL:     3   Next: 5%
Magic:  2/2        EV: 10    Int:  6    God:
Gold:   13         SH:  0    Dex: 12    Spells: 2/2 levels left

rFire   . . .      SeeInvis .     - Unarmed
rCold   . . .      Faith    .   (no shield)
rNeg    . . .      Spirit   .   a - +0 robe
rPois   .          Reflect  .   (helmet restricted)
rElec   .          Harm     .   (no cloak)
rCorr   .          Rampage  .   (gloves unavailable)
Will    .....                   (boots unavailable)
Stlth   ++........              (no amulet)
HPRegen 0.92/turn               (no ring)
MPRegen 0.08/turn               (no ring)

@: no status effects
A: large, unfitting armour, claws 3, regeneration 1, shaggy fur 1, tough skin 1
a: no special abilities


You were on level 1 of the Dungeon.
You visited 1 branch of the dungeon, and saw 1 of its levels.

You collected 13 gold pieces.

Inventory:

Armour
 a - a +0 robe (worn)
Jewellery
 b - a ring of see invisible
 c - a ring of protection from cold
 d - an amulet of faith
Scrolls
 e - a scroll of magic mapping {unknown}
 f - 2 scrolls of enchant armour {unknown}
 g - a scroll of immolation {unknown}
 h - a scroll of enchant weapon {unknown}
 i - a scroll of brand weapon {unknown}


   Skills:
 + Level 2.9 Fighting
 - Level 2.5 Dodging
 - Level 1.1 Stealth
 + Level 3.5 Unarmed Combat


You had 2 spell levels left.
You didn't know any spells.
Your spell library was empty.

Dungeon Overview and Level Annotations

Branches:
Dungeon (1/15)

Altars:


Innate Abilities, Weirdness & Mutations

You are too large for most types of armour.
You have claws for hands.
Your natural rate of healing is unusually fast.
You are covered in fur. (AC +1)
You have tough skin. (AC +1)


Message History

A bat is nearby!
The bat hits you but does no damage. The bat hits you but does no damage.
The bat misses you.
You scratch the bat but do no damage. The bat hits you but does no damage.
The bat barely misses you.
You barely miss the bat. The bat hits you but does no damage.
The bat hits you but does no damage.
You claw the bat!
You kill the bat!
You have reached level 3!
Your experience leads to an increase in your attributes!
Increase (S)trength, (I)ntelligence, or (D)exterity?
You feel stronger. x3
You see here a bat corpse.
You see here a bat corpse.
h - a scroll labelled NOETAM MECAMU You see here a +0 dagger.
Found a leather armour.
You see here a +0 leather armour.
Found 3 poisoned darts.
You see here 3 poisoned darts.
i - a scroll labelled PUSIQU FEIRCHUWI An endoplasm comes into view.
An endoplasm is nearby!
An endoplasm is nearby!
The endoplasm quivers.
The endoplasm closely misses you.
You claw the endoplasm!
You kill the endoplasm!
No target in view!
No target in view!
No target in view!
No target in view!
No target in view!
No target in view!
No target in view!
You see here 5 atropa-tipped darts.
Done exploring.
Done exploring.
Are you sure you want to abandon this character and quit the game? (Confirm with "yes".)

####......)....#...##†..........#
####..............####.)#.#######
.....#..........### #..#.#
.#####.###.#.##.# #..#.## .# #.#
#.#.##.# #.....###### .# #.#
#.#>##.######........... .# #.#
#.#...............#####. .# #.#
#.####.#..####.#### #. .# #.#
#......@.......# #. .# #.#
#########.###..# #. ## #.# #.#
#..# #. #.# ##.###..# #. #.#
#...##..# #. #.###### ###.#.##..#
#. #......###.(.#.....# #.
######.....#####...# #.
#####(..#....## #.


There were no monsters in sight!

Vanquished Creatures
  2 dart slugs (D:1)
  2 bats (D:1)
  2 endoplasms (D:1)
  3 giant cockroaches (D:1)
  2 hobgoblins (D:1)
  A jackal (D:1)
  6 kobolds (D:1)
  A ball python (D:1)
  A frilled lizard (D:1)
  3 rats (D:1)
23 creatures vanquished.

Notes
Turn   | Place    | Note
-------+----------+-------------------------------------------
     0 | D:1      | MiltankisOP the Troll Monk began the quest for the Orb.
     0 | D:1      | Reached XP level 1. HP: 22/22 MP: 0/0
    33 | D:1      | Reached XP level 2. HP: 29/29 MP: 1/1
   431 | D:1      | Reached XP level 3. HP: 36/36 MP: 2/2
   613 | D:1      | Quit the game

Illustrated notes

Levels and vault maps discovered:
D:1:      minmay_arrival_semitransparent, layout_loops_ring, minmay_nonomino_d4

Action                   || total
-------------------------++-------
Melee: Unarmed           ||    46
Armor: Robe              ||    18
Dodge: Dodged            ||    33
